 Dungeon Crawl Stone Soup version 0.30-a0-457-g4b7bca3bfa (webtiles) character file.

Game seed: 5897322005632998075

805 Raultor the Changer (level 7, -3/66 HPs)
             Began as an Octopode Transmuter on Dec 13, 2022.
             Slain by a white imp (4 damage)
             ... on level 5 of the Dungeon.
             The game lasted 00:10:27 (3566 turns).

Raultor the Changer (Octopode Transmuter)           Turns: 3566, Time: 00:10:27

Health: -3/66      AC: 23    Str: 15    XL:     7   Next: 91%
Magic:  6/10       EV:  2    Int: 18    God:
Gold:   159        SH:  0    Dex: 12    Spells: 3/10 levels left

rFire   . . .      SeeInvis .      - Unarmed
rCold   . . .      Faith    .    (no shield)
rNeg    . . .      Spirit   .    (helmet currently unavailable)
rPois   +          Reflect  .    (no amulet)
rElec   .          Harm     .    S - +6 ring of strength
rCorr   .          Rampage  .    E - +4 ring of evasion
Will    .....      NoTele   +    (no ring)
Stlth   +.........               (no ring)
HPRegen 0.31/turn                (no ring)
MPRegen 0.12/turn                (no ring)
                                 (no ring)
                                 (no ring)

@: tree-form, wereblooded
A: stationary, stasis, torment immunity, boosted hp, almost no armour,
(amphibious), 8 rings, (camouflage 1), (gelatinous body 1), (nimble swimmer 1),
(tentacles)
a: no special abilities


You were on level 5 of the Dungeon.
You were a tree.
You visited 1 branch of the dungeon, and saw 5 of its levels.

You collected 159 gold pieces.


Innate Abilities, Weirdness & Mutations

You are a tree.
Your roots penetrate the ground, keeping you stationary.
You cannot be teleported.
You are immune to unholy pain and torment.
Your maximum health is greatly increased.
You cannot wear most types of armour.
((You are amphibious.))
You can wear up to eight rings at the same time.
((Your skin changes colour to match your surroundings (Stealth+).))
((Your rubbery body absorbs attacks. (AC +1, EV +1)))
((You are camouflaged when in or above water. (Stealth+)))
((You have tentacles for arms and can constrict up to eight enemies at once.))


   Skills:
 - Level 1.7 Fighting
 - Level 2.0 Dodging
 - Level 3.3 Unarmed Combat
 - Level 2.0 Spellcasting
 * Level 6.1 Transmutations
 * Level 5.6 Ice Magic


You had 3 spell levels left.
You knew the following spells:

 Your Spells              Type           Power      Damage    Failure   Level
b - Beastly Appendage     Tmut           46%        N/A       1%          1
c - Ice Form              Ice/Tmut       23%        N/A       16%         4
w - Wereblood             Tmut           23%        N/A       2%          2

Your spell library contained the following spells:

 Spells                   Type           Power      Damage    Failure   Level
 Spider Form              Tmut/Pois      12%        N/A       16%         3
 Summon Small Mammal      Summ           4%         N/A       19%         1
 Call Canine Familiar     Summ           1%         N/A       47%         3
 Summon Guardian Golem    Hex/Summ       1%         N/A       47%         3

Inventory:

Jewellery
 E - a +4 ring of evasion (right branch)
 S - a +6 ring of strength (left branch)
Wands
 p - a wand of acid (10)
Scrolls
 b - 3 scrolls of magic mapping {unknown}
 c - 3 scrolls of identify {unknown}
 d - a scroll of blinking {unknown}
 f - 2 scrolls of amnesia {unknown}
 g - 4 scrolls of teleportation {@r2}
 h - 3 scrolls of vulnerability {unknown}
 j - a scroll of enchant armour {unknown}
 k - a scroll of enchant weapon {unknown}
 n - a scroll of noise {unknown}
 s - a scroll of poison {unknown}
 t - a scroll of butterflies {unknown}
Potions
 a - a potion of lignification
 e - 2 potions of haste {unknown}
 i - a potion of brilliance {unknown}
 l - 2 potions of heal wounds {unknown}
 m - a potion of attraction {unknown}
 o - a potion of curing {unknown}
 q - a potion of ambrosia {unknown}
 r - a potion of might {unknown}

Dungeon Overview and Level Annotations

Branches:
Dungeon (5/15)
 Temple: D:4-7

Altars:
Ru

Annotations:
D:3 2 transporters, PanSaczeczos's ghost, amateur KoWn
D:5 Duvessa

#.. .########
###..##........
.............?.
...............
...............
:..............
..............▒
......e♣......▒
......5.....▒▒▒
............▒
.......#####▒
#.)##.# #. #. #
.. ...


You could see Duvessa (berserk, fast) and a white imp.


Message History

The white imp hits you but does no damage.
You barely miss Duvessa.
Duvessa is lightly wounded.
Duvessa hits you but does no damage.
The white imp hits you but does no damage.
You barely miss Duvessa.
Duvessa is lightly wounded.
Duvessa hits you but does no damage. Duvessa hits you with a +0 short sword.
* * * LOW HITPOINT WARNING * * *
The white imp gestures at you.
The puff of frost hits you but does no damage.
You barely miss Duvessa.
Duvessa is lightly wounded.
Duvessa hits you with a +0 short sword.
* * * LOW HITPOINT WARNING * * *
The white imp gestures at you.
The puff of frost hits you but does no damage.
You smack Duvessa!
Duvessa is heavily wounded.
Duvessa hits you but does no damage. Duvessa hits you with a +0 short sword.
* * * LOW HITPOINT WARNING * * *
The white imp gestures at you. The puff of frost hits you.
* * * LOW HITPOINT WARNING * * *
You hit Duvessa but do no damage.
Duvessa is heavily wounded.
Duvessa hits you but does no damage. The white imp hits you.
* * * LOW HITPOINT WARNING * * *
The white imp freezes you.
You die...

Skill      XL: |  1  2  3  4  5  6  7 |
---------------+----------------------+-----
Ice Magic      | 1 2 3 4 5 |  5.6
Transmutations | 3 4 5 6 |  6.1
Fighting       | |  1.7
Dodging        | |  2.0
Unarmed Combat | |  3.3
Spellcasting   | |  2.0

Action                   |  1- 3 |  4- 6 |  7- 9 || total
-------------------------+-------+-------+-------++-------
Melee: Unarmed           |    55 |   100 |    55 ||   210
       Constrict         |    17 |    21 |     1 ||    39
       Tentacles         |     9 |    18 |     1 ||    28
       Punch             |     2 |       |       ||     2
       Kick              |     9 |    14 |       ||    23
 Cast: Beastly Appendage |     5 |     8 |       ||    13
       Wereblood         |     1 |     2 |     2 ||     5
       Ice Form          |       |     3 |     5 ||     8
  Use: Scroll            |       |     1 |       ||     1
       Potion            |       |       |     1 ||     1
 Stab: Sleeping          |     6 |     6 |       ||    12
Armor: Skin              |     1 |     2 |    23 ||    26
Dodge: Dodged            |    26 |    54 |    47 ||   127

Levels and vault maps discovered:
D:1:      dpeg_arrival_morbid_curiosity, layout_rooms,
          nicolae_figureground_sparkle
D:2:      layout_loops_cross, amcnicky_mini_corridor_feature,
          minmay_small_reverse_x
D:3:      minmay_recursive_quarters, layout_basic, gammafunk_ghost_arena,
          nicolae_ecumenical_pavilion
D:4:      layout_loops_cross, nicolae_ru_the_path_less_chosen, serial_rivers,
          chequers_serial_rivers_micro_a, chequers_serial_rivers_small_b,
          chequers_serial_rivers_micro_e, chequers_serial_rivers_micro_b,
          chequers_serial_rivers_small_b, chequers_serial_rivers_micro_d,
          dreamdust_wishing_well
D:5:      layout_rooms, makhleb_altar_promises_db, mainiacjoe_overflow_brackets,
          serial_shops, shop, gammafunk_ghost_cemetery, uniq_crazy_yiuf_cottage,
          uniq_sigmund, uniq_edmund, uniq_duvessa

Notes
Turn   | Place    | Note
-------+----------+-------------------------------------------
     0 | D:1      | Raultor the Octopode Transmuter began the quest for the
                  | Orb.
     0 | D:1      | Reached XP level 1. HP: 13/13 MP: 3/3
    62 | D:1      | Reached XP level 2. HP: 11/18 MP: 3/5
    85 | D:1      | Learned a level 2 spell: Wereblood
   132 | D:1      | Reached skill level 1 in Ice Magic
   568 | D:1      | Reached XP level 3. HP: 23/23 MP: 6/6
   744 | D:2      | Reached XP level 4. HP: 29/29 MP: 5/7
   780 | D:2      | Reached skill level 2 in Ice Magic
   815 | D:2      | Reached skill level 3 in Transmutations
  1340 | D:3      | Found a faded altar of an unknown god.
  1539 | D:3      | Reached XP level 5. HP: 34/34 MP: 4/8
  1645 | D:3      | Learned a level 4 spell: Ice Form
  1748 | D:3      | Found a transporter.
  1751 | D:3      | Noticed PanSaczeczos's ghost (amateur KoWn)
  1773 | D:3      | Found a transporter.
  2183 | D:4      | Noticed an ogre
  2498 | D:4      | Reached skill level 4 in Transmutations
  2498 | D:4      | Reached skill level 3 in Ice Magic
  2567 | D:4      | Reached XP level 6. HP: 39/39 MP: 4/9
  2713 | D:4      | Reached skill level 4 in Ice Magic
  2907 | D:4      | Reached skill level 5 in Transmutations
  2907 | D:4      | Reached XP level 7. HP: 44/44 MP: 4/10
  3199 | D:4      | Found a sacrificial altar of Ru.
  3290 | D:5      | Entered Level 5 of the Dungeon
  3303 | D:4      | Reached skill level 5 in Ice Magic
  3547 | D:5      | Noticed Dowan
  3550 | D:5      | Noticed Duvessa
  3554 | D:5      | Reached skill level 6 in Transmutations
  3554 | D:5      | Killed Dowan
  3565 | D:5      | HP: 4/66 [Duvessa/+0 short sword (4)]
  3566 | D:5      | HP: 1/66 [white imp (1)]
  3566 | D:5      | Slain by a white imp

Vanquished Creatures
  A black bear (D:4)
  2 ogres (D:4)
  A scorpion (D:4)
  A necrophage (D:4)
  Dowan (D:5)
  A hound (D:4)
  An orc priest (D:5)
  An iguana (D:4)
  3 orc wizards
  11 adders
  A gnoll (D:3)
  2 ufetubi (D:4)
  A dart slug (D:2)
  10 orcs
  3 endoplasms (D:3)
  3 giant cockroaches
  13 goblins
  12 hobgoblins
  6 kobolds
  A quokka (D:5)
  10 ball pythons
  4 bats
  6 frilled lizards
  6 rats
101 creatures vanquished.

Table legend: (Time is in decaauts)
 A = Elapsed time spent in this place.
 B = Non-inter-level travel time spent in this place.
 C = Inter-level travel time spent in this place.
 D = Time resting spent in this place.
 E = Time spent auto-exploring this place.
 F = Levels seen in this place.
 G = Mean time per level.
                   A        B        C        D        E       F      G
               +--------+--------+--------+--------+--------+-----+--------+
         Total |   3554 |   3382 |    172 |    107 |   2526 |   5 |  710.8 |
       Dungeon |   3554 |   3382 |    172 |    107 |   2526 |   5 |  710.8 |
               +--------+--------+--------+--------+--------+-----+--------+

Top non-repeatable levels by time:
     D:4: 1229 daAuts
     D:3: 890 daAuts
     D:2: 735 daAuts
     D:1: 598 daAuts
     D:5: 99 daAuts

Table legend:
 A = Non-vault XP
 B = Vault XP
 C = Vault XP percentage of total XP
 D = Non-vault monster count
 E = Vault monster count
 F = Vault count percentage of total count
                 A         B        C        D         E       F
            +---------+---------+-------+---------+---------+-------
      Total |     998 |     153 |  13.3 |      80 |      21 |  20.8
            +---------+---------+-------+---------+---------+-------
        D:1 |      26 |       8 |  23.5 |      18 |       4 |  18.2
        D:2 |      79 |      19 |  19.4 |      19 |       4 |  17.4
        D:3 |      15 |      59 |  79.7 |      10 |      12 |  54.5
        D:4 |     785 |       0 |   0.0 |      28 |       0 |   0.0
        D:5 |      93 |      67 |  41.9 |       5 |       1 |  16.7
            +---------+---------+-------+---------+---------+-------
